[Event "Early-Titled-Tuesday-Blitz-May-28-2024"]
[Site "Chess.com"]
[Date "2024.05.28"]
[Round "7"]
[White "Javylavilla"]
[Black "Grebnev_A"]
[Result "1/2-1/2"]
[WhiteElo "2351"]
[BlackElo "2542"]
[TimeControl "180+1"]
[EndTime "9:20:40 PDT"]
[Termination "Game drawn by agreement"]

1. e4 c5 2. Nf3 Nc6 3. Bb5 e5 4.
c3 a6 5. Ba4 b5 6. Bc2 Nf6 7. O-O Bd6 8. d4 cxd4 9. cxd4 Qc7 10.
d5 Ne7 11. Bg5 Ng6 12. Nc3 O-O 13. Rc1 Bc5 14. Bb1 Qb6 15. Qe2 d6 16. Bxf6 gxf6 17.
g3 Bd7 18. h4 b4 19. Nd1 Rfc8 20. h5 Nf8 21. Nd2 h6 22. Nc4 Qa7 23. b3 Nh7 24. Kg2 Ng5 25. Rh1 a5 26. f4 Nh7 27. Nde3 exf4 28.
gxf4 Kh8 29. e5 Rg8+ 30. Kh2 fxe5 31. fxe5 Rg5 32. Rhg1 Rag8 33. Rxg5 Rxg5 34. Rg1 dxe5 35. Rxg5 Nxg5 36. Ng4 e4 37. Qb2+ Kg8 38. Nxh6+ Kh7 39. Qf6 Bg1+ 40. Kh1 Qf2 41. Qxf2 Bxf2 42. Ne5 Kxh6 43.
Nxd7 e3 44. Bd3 Kxh5 45. Kg2 Kg4 46. Nf6+ Kf4 47. d6 Ke5 48. d7 Ne6 49. Ne8 Nd8 50. Kf3 f5 51. Nc7 f4 52. Nb5 Bg3 53. Be2 Ke6 54. Ke4 Kxd7 55. Nd4 Nc6 56. Bg4+ Kd6 57. Nxc6 Kxc6 58. Be2 Kc5 59. Kd3 Kd5 60. Bf3+ Ke5 61. Ke2 Bh4 62. Kd3 Bf6 63. Be2 Kf5 64. Bf3 Ba1 65. Be2 Ke5 66. Bf3 Bc3 67. Be2 Be1 68. Bf3 Bg3 69. Be2 Kf5 70. Bf3 Kg5 71. Be2 Kh4 72.
Bf3 Be1 73. Ke2 Bc3 74. Kd3 Bh8 75. Ke2 Kg3 76. Bc6 Kg4 77. Bf3+ Kf5 78. Kd3 Ke5 79.
Be2 Bf6 80. Bf3 Bd8 81. Be2 Bb6 82. Bf3 Kf5 83. Be2 Ke5 84. Bf3 a4 85. bxa4 Kd6 86.
Kc4 Bc5 87. a5 Ba7 88. Kxb4 Ke5 89. Kc4 Kd6 90. a4 1/2-1/2

[Event "Early-Titled-Tuesday-Blitz-May-28-2024"]
[Site "Chess.com"]
[Date "2024.05.28"]
[Round "7"]
[White "KubaGepard"]
[Black "bubeliang"]
[Result "0-1"]
[WhiteElo "2587"]
[BlackElo "2795"]
[TimeControl "180+1"]
[EndTime "9:21:14 PDT"]
[Termination "bubeliang won by checkmate"]

1. d4 d5 2. Nf3 Nf6 3. c4 e6 4. e3 Be7 5. Nbd2 O-O 6. Be2 dxc4 7. Nxc4 a6 8. a4 b6 9. Nfe5 Bb7 10. Bf3 Bxf3 11.
Qxf3 Qd5 12. O-O Nbd7 13. b3 Qxf3 14. gxf3 Nxe5 15. Nxe5 c5 16. Ba3 Rfc8 17. Rac1 Nd5 18. e4 Nf4 19. Rc2 Bf6 20. Nc4 Rcb8 21. dxc5 bxc5 22.
Rb1 Bd4 23. Bc1 Nd3 24. Be3 Bxe3 25. fxe3 g6 26. Rd2 Nb4 27. Kf2 Rd8 28. Rbd1 Rxd2+ 29. Rxd2 Ra7 30. Rd8+ Kg7 31. Na5 Rc7 32. f4 Nc6 33. Nxc6 Rxc6 34. Rd3 Kf6 35. Kf3 e5 36. Rd5 exf4 37. exf4 Ke6 38. Rd3 Rb6 39. Rc3 Rb4 40.
Rxc5 Rxb3+ 41. Kg4 Rb4 42. Ra5 Rxe4 43. Rxa6+ Ke7 44. Ra5 Rb4 45. Kg5 f6+ 46. Kh6 Rxf4 47. Kxh7 g5 48. Kg6 Rf2 49. Ra7+ Ke6 50. Ra8 Rxh2 51.
Re8+ Kd7 52. Re4 Rf2 53. a5 Kc7 54. Rc4+ Kb7 55. Ra4 Ka7 56. Kh5 Rh2+ 57. Kg6 Rh4 58. Ra2 Rf4 59. Kh5 g4 60. Kh4 f5 61. Ra3 Rf1 62.
Kg3 Ka6 63. Ra4 Rd1 64. Kg2 Rd3 65. Kf2 Rd5 66. Kg3 Rxa5 67. Rd4 Ra3+ 68. Kg2 Rf3 69. Rc4 Kb5 70. Rc1 Kb4 71. Rc8 Kb5 72. Rc2 Kb6 73. Rc8 Kb7 74. Rc2 Kb8 75. Rc1 Ka7 76. Rc2 Ka6 77.
Rc1 Ka5 78. Rc2 Kb4 79. Rc8 Rc3 80.
Rf8 Rc5 81. Kg3 Kc4 82. Rd8 Rd5 83. Rc8+ Kd3 84. Ra8 Ke4 85. Re8+ Re5 86. Ra8 Rc5 87. Re8+ Re5 88. Ra8 Kd3 89. Ra3+ Kd4 90. Ra4+ Kd5 91. Ra6 Re4 92. Ra5+ Ke6 93. Ra6+ Ke5 94. Ra5+ Kf6 95. Ra3 Kg5 96. Rb3 f4+ 97. Kg2 Ra4 98. Rb2 Kh4 99. Kh2 Ra3 100. Kg2 g3 101. Rb4 Kg4 102. Rc4 Ra2+ 103. Kg1 Re2 104. Rb4 Kf5 105. Rb3 Re3 106. Rb2 f3 107.
Rb1 Kg4 108. Rb4+ Kh3 109. Rb1 Re1+ 110. Rxe1 f2+ 111. Kh1 fxe1=Q# 0-1

[Event "Early-Titled-Tuesday-Blitz-May-28-2024"]
[Site "Chess.com"]
[Date "2024.05.28"]
[Round "7"]
[White "Kirill_Klukin"]
[Black "karinachess1"]
[Result "1-0"]
[WhiteElo "2876"]
[BlackElo "2605"]
[TimeControl "180+1"]
[EndTime "9:22:35 PDT"]
[Termination "Kirill_Klukin won on time"]

1. d4 Nf6 2. Nf3 e6 3. c4 d5 4. Nc3 Bb4 5. Bd2 O-O 6. e3 c5 7.
a3 cxd4 8. Nxd4 Be7 9. cxd5 Nxd5 10. Be2 e5 11. Nf3 Nc6 12. O-O Be6 13. Rc1 Nxc3 14.
Bxc3 f6 15. Qa4 Qb6 16. Bc4 Bxc4 17. Qxc4+ Kh8 18. Rfd1 Qc7 19. b4 a6 20. a4 Qc8 21.
b5 axb5 22. axb5 Nd8 23. Qd5 Qe6 24. Be1 Qxd5 25. Rxd5 Ne6 26. Rd7 Ba3 27. Ra1 b6 28. g3 Bc5 29. Ra6 Rxa6 30. bxa6 Ra8 31. a7 b5 32. Rb7 Bxa7 33. Bb4 Bc5 34. Rxb5 Bxb4 35.
Rxb4 h5 36. Rc4 Ra7 37. Kg2 Kh7 38. Nd2 Rd7 39. Ne4 Kg6 40. h3 Ng5 41. Nc3 Nf7 42. Rc6 Rd2 43. Ne4 Ra2 44. Rc7 Ra4 45. Nc5 Rc4 46.
Kf3 Rc2 47. Ne6 Ng5+ 48. Kg2 Rxc7 49. Nxc7 Kf7 50. Nd5 Ne6 51. Nc3 Nc7 52. Kf3 Ke6 53.
g4 hxg4+ 54. hxg4 Ne8 55. Ne4 Nd6 56. Nc5+ Kd5 57. Nb3 Ke6 58. Nd2 Kd5 59. Ke2 Ke6 60.
f3 Kd5 61. Kd3 Ke6 62. Nb3 Kd5 63. e4+ Ke6 64. Nc5+ Kf7 65. Kc3 Nc8 66. Nd3 Ne7 67.
Kc4 Ng6 68. Kd5 Nh4 69. Ne1 Ke7 70. Kc4 Ke6 71. Kd3 Ng6 72. Ke3 Nf4 73. Nc2 Ng2+ 74. Kf2 Nf4 75. Ne3 Nd3+ 76. Kg3 Nf4 77. Nf5 g6 78.
Ne3 Nd3 79. Nc4 Nf4 80. Kf2 Nd3+ 81. Ke3 Nf4 82. Nb2 Ng2+ 83. Kf2 Nf4 84. Nd1 Nd3+ 85. Kg3 Nf4 86. Nc3 Nd3 87. Kg2 Nf4+ 88. Kf2 Nd3+ 89.
Ke3 Nf4 90. Nb5 Ng2+ 91. Kd2 Nf4 92. Nc3 Ng2 93. Ne2 Nh4 94. Ke3 Kf7 95. Nc3 Ng2+ 96.
Kf2 Nf4 97. Nb5 Nd3+ 98. Ke3 Nf4 99. Nc7 Ng2+ 100. Kd3 Nf4+ 101. Kd2 Nh3 102. Nd5 Ke6 103. Ke3 Ng5 104. Nc7+ Kf7 105. Nb5 Ke6 106. Na3 Kf7 107. Nc4 Ke6 108. Nd2 Nh3 109. Nf1 Nf4 110. Ng3 Ng2+ 111. Kf2 Nf4 112. Nf1 Nd3+ 113. Kg3 Nf4 114. Ne3 Ne2+ 115. Kh3 Nf4+ 116. Kh4 Ne2 117. g5 Nd4 118. Kg4 fxg5 119. Nd1 Kf6 120. Ne3 Ke6 121. Nc4 Kf6 122. Nb6 Ke6 123. Nd5 Kf7 124. Ne3 Kf6 125. Nd5+ Kf7 126. Nb4 Kf6 127. Nd3 Kf7 128. Nxe5+ Kf6 129. Nd7+ Ke6 130. Nc5+ Kf6 131. Nd3 Nc6 132. Kg3 Nd4 133. Nf2 Ne6 134. Ng4+ Kf7 135. Ne3 Kf6 136. Kg4 Nf4 137. Nd5+ Ke5 138. Nxf4 gxf4 139. Kg5 Kd4 140. Kxf4 1-0

[Event "Early-Titled-Tuesday-Blitz-May-28-2024"]
[Site "Chess.com"]
[Date "2024.05.28"]
[Round "8"]
[White "Rdeux42"]
[Black "Mesa_1"]
[Result "0-1"]
[WhiteElo "2418"]
[BlackElo "2581"]
[TimeControl "180+1"]
[EndTime "9:24:27 PDT"]
[Termination "Mesa_1 won by resignation"]

1. e4 e6 2. d4 d5 3. Nc3 Nf6 4.
e5 Nfd7 5. f4 c5 6. Nf3 Nc6 7. Be3 cxd4 8. Nxd4 Qb6 9. Qd2 Qxb2 10.
Rb1 Qa3 11. Bb5 Nxd4 12. Bxd4 a6 13. Bxd7+ Bxd7 14. Rb3 Qe7 15. Rxb7 Qh4+ 16. Qf2 Qxf2+ 17. Kxf2 Be7 18. Rhb1 Bd8 19. Bc5 Bc6 20. Rb8 Rxb8 21. Rxb8 Kd7 22. Ne2 Bh4+ 0-1

[Event "Early-Titled-Tuesday-Blitz-May-28-2024"]
[Site "Chess.com"]
[Date "2024.05.28"]
[Round "8"]
[White "ChempionBg"]
[Black "jraosam"]
[Result "1-0"]
[WhiteElo "2238"]
[BlackElo "2096"]
[TimeControl "180+1"]
[EndTime "9:24:58 PDT"]
[Termination "ChempionBg won by resignation"]

1. d4 e6 2. c4 b6 3. Nf3 Bb7 4. g3 Bb4+ 5. Bd2 Bxd2+ 6. Qxd2 f5 7. Bg2 Nf6 8. Nc3 O-O 9. d5 Ne4 10. Nxe4 fxe4 11. Ng5 exd5 12. cxd5 Rf5 13. Nxe4 Bxd5 14.
Nf6+ Qxf6 15. Bxd5+ Kh8 16. Bxa8 Rxf2 17. Bf3 1-0

[Event "Early-Titled-Tuesday-Blitz-May-28-2024"]
[Site "Chess.com"]
[Date "2024.05.28"]
[Round "8"]
[White "Ramosha"]
[Black "Peng_Li-Min"]
[Result "0-1"]
[WhiteElo "2561"]
[BlackElo "2769"]
[TimeControl "180+1"]
[EndTime "9:25:04 PDT"]
[Termination "Peng_Li-Min won by checkmate"]

1. e4 Nc6 2. Nf3 d5 3. exd5 Qxd5 4. Nc3 Qh5 5. Be2 Bg4 6. d3 e5 7. Be3 f5 8. h3 O-O-O 9. O-O Nf6 10. hxg4 Nxg4 11.
Re1 e4 12. Bf4 Bd6 13. Bxd6 Rxd6 14. dxe4 Rh6 15. Bb5 Qh1# 0-1

[Event "Early-Titled-Tuesday-Blitz-May-28-2024"]
[Site "Chess.com"]
[Date "2024.05.28"]
[Round "8"]
[White "Squirlolz"]
[Black "Pomegranate988"]
[Result "0-1"]
[WhiteElo "2538"]
[BlackElo "2666"]
[TimeControl "180+1"]
[EndTime "9:25:42 PDT"]
[Termination "Pomegranate988 won by resignation"]

1. Nf3 Nf6 2. g3 g6 3. Bg2 Bg7 4. O-O c5 5. a4 Nc6 6. Na3 d5 7. d3 O-O 8. Nd2 Bg4 9. h3 Be6 10. e4 Qd7 11. Kh2 b6 12. f4 Rad8 13. g4 dxe4 14.
dxe4 Bxg4 15. hxg4 Nxg4+ 16. Kg3 Ne3 17. Qe1 Qg4+ 18. Kf2 Qxg2+ 19. Kxe3 Bd4+ 20. Kd3 Bf2+ 0-1

[Event "Early-Titled-Tuesday-Blitz-May-28-2024"]
[Site "Chess.com"]
[Date "2024.05.28"]
[Round "8"]
[White "Let_it_be_1"]
[Black "Darius321"]
[Result "1-0"]
[WhiteElo "2590"]
[BlackElo "2356"]
[TimeControl "180+1"]
[EndTime "9:25:46 PDT"]
[Termination "Let_it_be_1 won by resignation"]

1. e4 Nc6 2. Nf3 e5 3. Bb5 Bc5 4. O-O Nf6 5. Nxe5 Nxe5 6. d4 c6 7. dxe5 cxb5 8. exf6 Qxf6 9. Nc3 O-O 10. Nxb5 b6 11.
Nc7 Ba6 12. Nxa6 Bd4 13. c3 Be5 14. f4 Bd6 15. e5 1-0

[Event "Early-Titled-Tuesday-Blitz-May-28-2024"]
[Site "Chess.com"]
[Date "2024.05.28"]
[Round "8"]
[White "ploxoi"]
[Black "2Coaches1Profile"]
[Result "1-0"]
[WhiteElo "2407"]
[BlackElo "2570"]
[TimeControl "180+1"]
[EndTime "9:25:53 PDT"]
[Termination "ploxoi won by resignation"]

1. d4 c5 2. d5 e6 3. c4 exd5 4. cxd5 d6 5. Nc3 g6 6. g3 Bg7 7. Bg2 Nf6 8. Nf3 O-O 9. O-O a6 10. a4 Nbd7 11. h3 Qe7 12. Re1 Rb8 13. a5 b5 14.
axb6 Rxb6 15. e4 Ne8 16. Bg5 Bf6 17. Bxf6 Qxf6 18. Qc2 Rb4 19. Ra4 Nb6 20. Rxb4 cxb4 21. Nd1 Bxh3 22. Bxh3 Qxf3 23. Qc6 Nf6 24. Qxb6 Nxe4 25.
Bg2 1-0

[Event "Early-Titled-Tuesday-Blitz-May-28-2024"]
[Site "Chess.com"]
[Date "2024.05.28"]
[Round "8"]
[White "lachesisQ"]
[Black "Kacparov"]
[Result "1/2-1/2"]
[WhiteElo "3092"]
[BlackElo "2952"]
[TimeControl "180+1"]
[EndTime "9:25:59 PDT"]
[Termination "Game drawn by repetition"]

1. e4 c5 2. Nf3 e6 3. d4 cxd4 4.
Nxd4 Nc6 5. Nc3 Qc7 6. g3 a6 7. Bg2 Nf6 8. O-O Bb4 9. Nxc6 bxc6 10. a3 Be7 11. f4 d5 12. Be3 O-O 13. Qe2 a5 14. Rfd1 Ba6 15. Qe1 Ng4 16. Na4 Bb5 17.
Nc3 Ba6 18. Na4 Bb5 19. Nc3 Ba6 1/2-1/2

[Event "Early-Titled-Tuesday-Blitz-May-28-2024"]
[Site "Chess.com"]
[Date "2024.05.28"]
[Round "8"]
[White "luachess1"]
[Black "UK_23"]
[Result "0-1"]
[WhiteElo "1770"]
[BlackElo "2407"]
[TimeControl "180+1"]
[EndTime "9:26:05 PDT"]
[Termination "UK_23 won by resignation"]

1. d4 Nf6 2. c4 c5 3. d5 e6 4. Nc3 exd5 5. cxd5 d6 6. e4 g6 7. Bg5 h6 8. Bh4 Bg7 9. Nf3 g5 10. Bg3 Nh5 11. Bd3 O-O 12. Qe2 a6 13. a4 f5 14. e5 Nxg3 15. hxg3 dxe5 16. Nxe5 Bxe5 17. Rxh6 Bxc3+ 18. bxc3 Re8 0-1

[Event "Early-Titled-Tuesday-Blitz-May-28-2024"]
[Site "Chess.com"]
[Date "2024.05.28"]
[Round "8"]
[White "ritanovikova"]
[Black "Gumugama"]
[Result "0-1"]
[WhiteElo "2169"]
[BlackElo "2309"]
[TimeControl "180+1"]
[EndTime "9:26:11 PDT"]
[Termination "Gumugama won by resignation"]

1. d4 Nf6 2. Bf4 g6 3. c3 Bg7 4. Nd2 O-O 5. e4 d6 6. Ngf3 c5 7. Be2 Bg4 8. h3 Bxf3 9. Bxf3 cxd4 10. cxd4 Nc6 11. Be3 Nd7 12. Nb3 a5 13. a4 Nb6 14.
Rc1 Nxa4 15. Qe2 Qb6 16. Qc2 Nb4 17. Qc7 Nd3+ 18. Kd2 Qxb3 0-1

[Event "Early-Titled-Tuesday-Blitz-May-28-2024"]
[Site "Chess.com"]
[Date "2024.05.28"]
[Round "8"]
[White "zurzan"]
[Black "C_K_G"]
[Result "0-1"]
[WhiteElo "2140"]
[BlackElo "2297"]
[TimeControl "180+1"]
[EndTime "9:26:20 PDT"]
[Termination "C_K_G won by checkmate"]

1. Nf3 c5 2. b3 d5 3. Bb2 e6 4. d4 cxd4 5. Bxd4 Nf6 6. e3 a6 7.
Be2 Nc6 8. Bb2 Bd6 9. O-O O-O 10. Nc3 Ne7 11. Nb1 Ng6 12. c4 dxc4 13. Bxc4 e5 14.
Nc3 Bg4 15. Be2 e4 16. Nd4 Bxe2 17. Ndxe2 Ng4 18. Ng3 Qh4 19. Ncxe4 Qxh2# 0-1

[Event "Early-Titled-Tuesday-Blitz-May-28-2024"]
[Site "Chess.com"]
[Date "2024.05.28"]
[Round "8"]
[White "RandomNoob04"]
[Black "Stanbad1"]
[Result "1/2-1/2"]
[WhiteElo "2772"]
[BlackElo "2637"]
[TimeControl "180+1"]
[EndTime "9:26:32 PDT"]
[Termination "Game drawn by agreement"]

1. e4 e6 2. d4 d5 3. e5 c5 4. c3 Nc6 5. Nf3 Bd7 6. Bd3 cxd4 7.
cxd4 Qb6 8. O-O Nxd4 9. Nxd4 Qxd4 10. Nc3 a6 11. Qe2 Ne7 12. Kh1 Nc6 13. Be3 Qxe5 14.
f4 Qc7 15. Nxd5 Qd6 16. Nb6 Rd8 17. Rad1 Nd4 18. Bxd4 Qxd4 19. Nxd7 Qxd7 20. Bxa6 Qc7 21. Bb5+ Ke7 22. Rxd8 Kxd8 23. Rd1+ Bd6 24. Qe5 Ke7 25. Qxg7 Rd8 26. f5 Be5 27. Qg5+ Bf6 28. Qg4 Rxd1+ 29. Qxd1 Bxb2 30. fxe6 fxe6 31. Bd3 h6 32. Bc2 Qf4 33. g3 Qc1 34. Qxc1 Bxc1 35. Kg2 b6 36. Kf3 Kf6 37. Ke4 Bd2 1/2-1/2

[Event "Early-Titled-Tuesday-Blitz-May-28-2024"]
[Site "Chess.com"]
[Date "2024.05.28"]
[Round "8"]
[White "stollenmonster"]
[Black "jaskol95"]
[Result "1-0"]
[WhiteElo "2862"]
[BlackElo "2523"]
[TimeControl "180+1"]
[EndTime "9:26:33 PDT"]
[Termination "stollenmonster won by resignation"]

1. e4 e6 2. Nc3 d5 3. g3 Nf6 4. Bg2 dxe4 5. Nxe4 Nxe4 6. Bxe4 Nd7 7. d4 Nf6 8. Bg2 c6 9. Ne2 Bd6 10. O-O O-O 11. c4 Qc7 12. Nc3 b6 13. Bg5 Be7 14. Rc1 Bb7 15. Qe2 Rad8 16. Rfd1 Rfe8 17. h3 h6 18. Bf4 Qc8 19. Ne4 Nxe4 20. Bxe4 c5 21.
dxc5 Bxc5 22. b3 Bxe4 23. Qxe4 e5 24. Rxd8 Qxd8 25. Be3 Qd6 26. Bxc5 Qxc5 27. Rd1 Re6 28. Rd8+ 1-0

[Event "Early-Titled-Tuesday-Blitz-May-28-2024"]
[Site "Chess.com"]
[Date "2024.05.28"]
[Round "8"]
[White "Fraler15"]
[Black "kekic76"]
[Result "1-0"]
[WhiteElo "2210"]
[BlackElo "2329"]
[TimeControl "180+1"]
[EndTime "9:26:44 PDT"]
[Termination "Fraler15 won by checkmate"]

1. d4 d5 2. c4 e6 3. Nf3 Nf6 4. Nc3 Be7 5. Bg5 O-O 6. e3 b6 7. Bd3 dxc4 8. Bxc4 Bb7 9. O-O Nbd7 10. Qe2 c5 11.
Rfd1 cxd4 12. Nxd4 Rc8 13. Rac1 h6 14. Bh4 Ne4 15.
Bxe7 Qxe7 16. Nxe4 Bxe4 17. Nb5 Nc5 18. b4 Nd7 19.
Nd6 Rc7 20. Nxe4 Qxb4 21. Bd3 Rfc8 22. Rxc7 Rxc7 23. h3 Ne5 24. Bb1 Nc4 25. Rd8+ Kh7 26. Nf6# 1-0

[Event "Early-Titled-Tuesday-Blitz-May-28-2024"]
[Site "Chess.com"]
[Date "2024.05.28"]
[Round "8"]
[White "romulocardoso"]
[Black "dianamirza"]
[Result "1-0"]
[WhiteElo "2309"]
[BlackElo "2001"]
[TimeControl "180+1"]
[EndTime "9:26:45 PDT"]
[Termination "romulocardoso won by resignation"]

1. e4 d5 2. exd5 Qxd5 3. Nc3 Qd8 4. Nf3 Nf6 5. h3 Nc6 6. Bc4 a6 7. O-O b5 8. Bb3 Bb7 9. Re1 e6 10. a4 Be7 11. axb5 axb5 12. Rxa8 Bxa8 13. Nxb5 O-O 14. d3 Na5 15. Ba2 Bd5 16. Bxd5 Nxd5 17. Bd2 Nb7 18. c4 Nb4 19. d4 Nc6 20. Bc3 Nba5 21. Qa4 Nb7 22.
Qa6 Qd6 23. Nxd6 1-0

[Event "Early-Titled-Tuesday-Blitz-May-28-2024"]
[Site "Chess.com"]
[Date "2024.05.28"]
[Round "8"]
[White "Irina_Mikhaylova"]
[Black "Casper"]
[Result "1-0"]
[WhiteElo "2356"]
[BlackElo "2474"]
[TimeControl "180+1"]
[EndTime "9:27:08 PDT"]
[Termination "Irina_Mikhaylova won by resignation"]

1. d4 d5 2. Nf3 Bg4 3. Ne5 Bh5 4. c4 e6 5. Bf4 Nf6 6. Nc3 c6 7. Qb3 Qb6 8. c5 Qxb3 9. axb3 Nbd7 10. b4 Nxe5 11. Bxe5 Nd7 12. Bg3 f6 13. b5 e5 14. e3 Bxc5 15. dxc5 Nxc5 16. Be2 Bg6 17. O-O h5 18. b4 Nb3 19. Ra3 Nd2 20. Rd1 d4 21. exd4 exd4 22. Rxd2 dxc3 23. Rxc3 h4 24.
Bf4 1-0

[Event "Early-Titled-Tuesday-Blitz-May-28-2024"]
[Site "Chess.com"]
[Date "2024.05.28"]
[Round "8"]
[White "Navyblue1"]
[Black "FlemingA"]
[Result "0-1"]
[WhiteElo "2253"]
[BlackElo "2466"]
[TimeControl "180+1"]
[EndTime "9:27:08 PDT"]
[Termination "FlemingA won by resignation"]

1. d4 c6 2. c4 g6 3. Nc3 Bg7 4.
e4 d6 5. h3 e5 6. d5 f5 7. exf5 Bxf5 8. dxc6 bxc6 9. Nge2 Nf6 10. Ng3 Be6 11. Be3 O-O 12. Qd2 Qe7 13. O-O-O d5 14. Bh6 Nbd7 15. Bxg7 Kxg7 16. h4 h5 17. Kb1 Nc5 18. Bd3 e4 19. Be2 Rad8 20. Kc1 d4 21.
Ncxe4 Ncxe4 22. Nxe4 Nxe4 0-1

[Event "Early-Titled-Tuesday-Blitz-May-28-2024"]
[Site "Chess.com"]
[Date "2024.05.28"]
[Round "8"]
[White "ATM622"]
[Black "WolfBaoBaoLang"]
[Result "1-0"]
[WhiteElo "2579"]
[BlackElo "2108"]
[TimeControl "180+1"]
[EndTime "9:27:09 PDT"]
[Termination "ATM622 won by checkmate"]

1. d4 Nf6 2. c4 g6 3. g3 c5 4. d5 Bg7 5. Bg2 b5 6. cxb5 d6 7. a4 a6 8. bxa6 Bxa6 9. Nf3 O-O 10. O-O Nbd7 11. Re1 Rb8 12. Nc3 Qa5 13. h3 Bc4 14. Nd2 Ba6 15. Nf3 Bc4 16. e4 Bb3 17. Qe2 Nb6 18. e5 Nfxd5 19. Bd2 Nb4 20. exd6 exd6 21. Bf4 Rbd8 22. Rac1 Nxa4 23. Ne4 Nxb2 24. Bxd6 Rfe8 25. Nf6+ Bxf6 26. Qxe8+ Rxe8 27. Rxe8+ Kg7 28. Bf8+ Kg8 29. Bh6# 1-0

[Event "Early-Titled-Tuesday-Blitz-May-28-2024"]
[Site "Chess.com"]
[Date "2024.05.28"]
[Round "8"]
[White "Kielinkei"]
[Black "Lily_Schirmbeck"]
[Result "1-0"]
[WhiteElo "2457"]
[BlackElo "1843"]
[TimeControl "180+1"]
[EndTime "9:27:16 PDT"]
[Termination "Kielinkei won by resignation"]

1. c4 c5 2. Nf3 Nc6 3. d4 cxd4 4. Nxd4 Nf6 5. g3 g6 6. Bg2 Bg7 7. O-O O-O 8. Nc3 Qb6 9. Nc2 d6 10. b3 Nd7 11. Bb2 Qa5 12. Qd2 a6 13. Rfd1 Nb4 14.
Nxb4 Qxb4 15. Nd5 Qxd2 16. Nxe7+ Kh8 17. Rxd2 Bxb2 18. Rxb2 Re8 19. Nxc8 Raxc8 20. Bxb7 Rc7 21. Bxa6 Nc5 22. Bb5 Re6 23. b4 Nb7 24. Ba6 Rce7 25.
Bxb7 Rxb7 26. a4 Re4 27. Rc1 Rc7 28. b5 Rexc4 29. Rxc4 Rxc4 30. b6 Rc8 31. b7 Rb8 32. a5 Kg7 33. a6 Kf8 34. a7 Rxb7 35. a8=Q+ 1-0

[Event "Early-Titled-Tuesday-Blitz-May-28-2024"]
[Site "Chess.com"]
[Date "2024.05.28"]
[Round "8"]
[White "BogdanDeac"]
[Black "FairChess_on_YouTube"]
[Result "1/2-1/2"]
[WhiteElo "3124"]
[BlackElo "3095"]
[TimeControl "180+1"]
[EndTime "9:27:27 PDT"]
[Termination "Game drawn by repetition"]

1. d4 d5 2. c4 c6 3. Nf3 Nf6 4. Nc3 a6 5. e3 Bf5 6. Ne5 Nbd7 7. Qb3 Qc7 8. cxd5 Nxe5 9. dxe5 Nxd5 10. Nxd5 cxd5 11. Bd2 Qxe5 12. Qxb7 Rb8 13. Qxa6 Qxb2 14. Rc1 Bd7 15. Bd3 e5 16. Rc2 Qb1+ 17. Rc1 Qb2 18. Rc2 Qb1+ 19. Rc1 Qb2 1/2-1/2

[Event "Early-Titled-Tuesday-Blitz-May-28-2024"]
[Site "Chess.com"]
[Date "2024.05.28"]
[Round "8"]
[White "Budag-Leyla"]
[Black "bubeliang"]
[Result "0-1"]
[WhiteElo "2211"]
[BlackElo "2796"]
[TimeControl "180+1"]
[EndTime "9:27:28 PDT"]
[Termination "bubeliang won by resignation"]

1. d4 d5 2. Nf3 Nf6 3. c4 e6 4.
Nc3 dxc4 5. e3 a6 6. a4 b6 7.
Bxc4 Bb7 8. O-O Be7 9. Bd3 c5 10. dxc5 Bxc5 11. Qe2 O-O 12. Rd1 Qe7 13. e4 e5 14. Bg5 h6 15. Bh4 Rd8 16. Bc4 Nbd7 17. Bd5 Ra7 18. Bxb7 Rxb7 19. Qxa6 Rbb8 20. Nd5 Qe6 21. Qe2 Rdc8 22. Rac1 Nxd5 23. exd5 Qd6 24. Qe4 Re8 25. Nd2 Bd4 26. Nc4 Qb4 27. d6 Qxa4 28. Ne3 Nc5 29. Qg4 Re6 30. Nf5 Bxf2+ 31. Bxf2 Qxg4 32.
Ne7+ Kh7 33. Bxc5 bxc5 34. Nc6 Rxb2 0-1

[Event "Early-Titled-Tuesday-Blitz-May-28-2024"]
[Site "Chess.com"]
[Date "2024.05.28"]
[Round "8"]
[White "MdChess1734"]
[Black "AnaKuchava"]
[Result "1-0"]
[WhiteElo "2416"]
[BlackElo "2205"]
[TimeControl "180+1"]
[EndTime "9:27:29 PDT"]
[Termination "MdChess1734 won by resignation"]

1. e4 c5 2. Nf3 d6 3. d4 cxd4 4.
Nxd4 Nf6 5. Nc3 Nc6 6. Bg5 e6 7. Qd2 Qb6 8. Nb3 Be7 9. O-O-O O-O 10. f3 Rd8 11. h4 a6 12. g4 Na5 13. h5 Bd7 14.
Be3 Qc7 15. g5 Ne8 16. g6 Nc4 17. Bxc4 Qxc4 18. gxf7+ Kxf7 19. f4 Nf6 20. Qg2 Bc6 21. Rd4 Bxe4 22. Nxe4 Qc7 23. Ng5+ Ke8 24. Nxe6 Rd7 25.
Nxc7+ 1-0

[Event "Early-Titled-Tuesday-Blitz-May-28-2024"]
[Site "Chess.com"]
[Date "2024.05.28"]
[Round "8"]
[White "TrahtarBelarus"]
[Black "EggLoser"]
[Result "1-0"]
[WhiteElo "2773"]
[BlackElo "2304"]
[TimeControl "180+1"]
[EndTime "9:27:32 PDT"]
[Termination "TrahtarBelarus won by resignation"]

1. c4 e6 2. g3 d5 3. Bg2 Nf6 4. Nf3 dxc4 5. Qa4+ Nbd7 6. Qxc4 a6 7. Qc2 Rb8 8. d4 c5 9. Bf4 Ra8 10. dxc5 Bxc5 11. O-O O-O 12. Nc3 Qe7 13. Rfd1 e5 14. Bg5 h6 15. Nd5 Qe6 16. Bxf6 gxf6 17. Nc7 Qc6 18.
Rac1 Qxc7 19. b4 Bxf2+ 20. Kxf2 Qxc2 21. Rxc2 Re8 22. Rxc8 Raxc8 23. Rxd7 Rc2 24. Nh4 Rxa2 25. Bd5 Rb2 26. Bxf7+ Kf8 27. Ng6+ Kg7 28. Bxe8+ 1-0

[Event "Early-Titled-Tuesday-Blitz-May-28-2024"]
[Site "Chess.com"]
[Date "2024.05.28"]
[Round "8"]
[White "Chernov_Alexander_A"]
[Black "campochess"]
[Result "1-0"]
[WhiteElo "2286"]
[BlackElo "2123"]
[TimeControl "180+1"]
[EndTime "9:27:33 PDT"]
[Termination "Chernov_Alexander_A won by resignation"]

1. d4 c5 2. d5 Nf6 3. Nc3 g6 4.
e4 d6 5. Nf3 Bg7 6. Be2 O-O 7.
O-O b5 8. Bxb5 Ba6 9. a4 Qc8 10. h3 Nbd7 11. Bf4 Ne8 12. Qd3 Bb7 13. a5 Nc7 14. Bc4 a6 15. Rfe1 Kh8 16. e5 dxe5 17.
Nxe5 Nxe5 18. Bxe5 Bxe5 19. Rxe5 Qd7 20. Rae1 Rfe8 21.
Qe3 Qd6 22. Rxe7 Bxd5 23. Nxd5 Rxe7 24. Qxe7 Nb5 25. Qxf7 Rf8 26. Re8 Rxe8 27. Qxe8+ Kg7 28. Qe7+ Qxe7 29. Nxe7 Nd4 30. Bxa6 Nc6 31. Nxc6 1-0

[Event "Early-Titled-Tuesday-Blitz-May-28-2024"]
[Site "Chess.com"]
[Date "2024.05.28"]
[Round "8"]
[White "NiranjanNavalgund"]
[Black "Durarbayli"]
[Result "0-1"]
[WhiteElo "2496"]
[BlackElo "2913"]
[TimeControl "180+1"]
[EndTime "9:27:34 PDT"]
[Termination "Durarbayli won by resignation"]

1. d4 d5 2. c4 c6 3. Nf3 Nf6 4. Nc3 e6 5. e3 Nbd7 6. Qc2 Bd6 7. e4 dxe4 8. Nxe4 Nxe4 9. Qxe4 Bb4+ 10. Bd2 Bxd2+ 11. Nxd2 c5 12. dxc5 Qa5 13. Bd3 Nxc5 14. Qe2 O-O 15. Bc2 Rd8 16. Rd1 Qxa2 17. Qh5 Nd3+ 18.
Kf1 Qxb2 19. Bb1 b6 20. Ne4 Ba6 21. Bxd3 Rxd3 22. Rxd3 Bxc4 23. Qe2 Qb1+ 0-1

[Event "Early-Titled-Tuesday-Blitz-May-28-2024"]
[Site "Chess.com"]
[Date "2024.05.28"]
[Round "8"]
[White "DarZay"]
[Black "urano56"]
[Result "1-0"]
[WhiteElo "2311"]
[BlackElo "2395"]
[TimeControl "180+1"]
[EndTime "9:27:38 PDT"]
[Termination "DarZay won by resignation"]

1. e4 e6 2. d4 d5 3. Bd3 dxe4 4. Bxe4 c5 5. c3 cxd4 6. cxd4 Nc6 7. Ne2 Nf6 8. Bf3 Bb4+ 9. Nbc3 O-O 10. O-O Ne7 11.
Bg5 Ng6 12. Ne4 Be7 13. Nxf6+ Bxf6 14. Bxf6 Qxf6 15. Qb3 Rb8 16. d5 Ne5 17. Be4 Rd8 18. Rad1 exd5 19. Bxd5 Bg4 20. f3 Bf5 21. Ng3 Bg6 22. Ne4 Qa6 23. Bxb7 Rxd1 24. Rxd1 Qe2 25. Ba6 1-0